 Dungeon Crawl Stone Soup version 0.29.0-11-gd7f09526c8 (webtiles) character file.

Game seed: 17062794310416375972

114 xian the Shooter (level 4, 0/27 HPs)
             Began as a Gargoyle Hunter on Sept 6, 2022.
             Killed from afar by Ijyb (8 damage)
             ... with a puff of flame
             ... on level 3 of the Dungeon.
             The game lasted 00:04:19 (2265 turns).

xian the Shooter (Gargoyle Hunter)                  Turns: 2265, Time: 00:04:21

Health: 0/27       AC:  8    Str: 17    XL:     4   Next: 97%
Magic:  4/4        EV: 12    Int:  9    God:
Gold:   125        SH:  0    Dex: 13    Spells: 3/3 levels left

rFire   . . .      SeeInvis .   a - +0 shortbow
rCold   . . .      Faith    .   (shield currently unavailable)
rNeg    + . .      Spirit   .   c - +0 leather armour
rPois   ∞          Reflect  .   v - +1 helmet
rElec   +          Harm     .   (no cloak)
rCorr   .          Rampage  .   (no gloves)
Will    .....                   (no boots)
Stlth   ++........              (no amulet)
HPRegen 0.09/turn               (no ring)
MPRegen 0.09/turn               (no ring)

@: no status effects
A: sickness immunity, AC +3, negative energy resistance 1, electricity
resistance, torment resistance 1, petrification resistance
a: no special abilities


You were on level 3 of the Dungeon.
You visited 1 branch of the dungeon, and saw 3 of its levels.

You collected 125 gold pieces.

Inventory:

Hand Weapons
 a - a +0 shortbow (weapon)
 n - a +0 dagger
Armour
 c - a +0 leather armour (worn)
 v - a +1 helmet (worn)
Scrolls
 b - a scroll of immolation
 d - a scroll of brand weapon {unknown}
 g - 2 scrolls of magic mapping
 h - a scroll of summoning {unknown}
 j - a scroll of vulnerability
 k - a scroll of poison
 m - a scroll of identify {unknown}
 u - a scroll of blinking {unknown}
 w - a scroll of teleportation {unknown}
Potions
 e - a potion of heal wounds {unknown}
 f - a potion of might {unknown}
 i - a potion of mutation {unknown}
 l - a potion of curing
 o - a potion of flight {unknown}
 p - a potion of degeneration {unknown}
 q - 2 potions of magic {unknown}
 r - a potion of lignification {unknown}
 s - a potion of brilliance {unknown}
 t - a potion of berserk rage {unknown}


   Skills:
 + Level 2.9 Fighting
 + Level 5.3 Ranged Weapons
 + Level 1.2 Armour
 + Level 1.9 Dodging
 + Level 1.7 Stealth


You had 3 spell levels left.
You didn't know any spells.
Your spell library was empty.

Dungeon Overview and Level Annotations

Branches:
Dungeon (3/15)

Altars:

Shops:
D:1 [[(((

Annotations:
D:1 Gloves +3
D:3 Ijyb


Innate Abilities, Weirdness & Mutations

You are immune to sickness and miasma.
Your stone body is resilient. (AC +3)
You are immune to poison.
You resist negative energy. (rN+)
You are resistant to electric shocks. (rElec)
You are resistant to unholy torment.
You are immune to petrification.


Message History

You shoot an arrow. The arrow barely misses Ijyb.
The arrow barely misses the rat.
Ijyb hits you with a +0 club.
You shoot an arrow. The arrow barely misses Ijyb.
The arrow closely misses the rat.
Ijyb misses you.
You shoot an arrow. The arrow hits Ijyb but does no damage.
Ijyb is moderately wounded.
Ijyb closely misses you. Ijyb hits you but does no damage.
You shoot an arrow. The arrow closely misses Ijyb.
The arrow hits the rat!
You kill the rat!
Ijyb hits you with a +0 club.
You shoot an arrow. The arrow closely misses Ijyb.
Ijyb hits you but does no damage.
You shoot an arrow. The arrow hits Ijyb but does no damage.
Ijyb is moderately wounded.
Ijyb barely misses you.
You shoot an arrow. The arrow barely misses Ijyb.
Ijyb barely misses you. x2
You shoot an arrow. The arrow barely misses Ijyb.
Ijyb closely misses you.
You shoot an arrow. The arrow completely misses Ijyb.
Ijyb zaps a wand.
The puff of flame hits you!
You shoot an arrow. The arrow hits Ijyb but does no damage.
Ijyb is moderately wounded.
Ijyb zaps a wand.
The puff of flame hits you.
Ijyb zaps a wand.
The puff of flame hits you!
* * * LOW HITPOINT WARNING * * *
You are too injured to fight recklessly!
You are too injured to fight recklessly!
You are too injured to fight recklessly!
You are too injured to fight recklessly!
You feel better. Ijyb hits you but does no damage.
The air fills with toxic fumes!
As you read the scroll of poison, it crumbles to dust.
Ijyb closely misses you.
Ijyb zaps a wand.
The puff of flame hits you!
* * * LOW HITPOINT WARNING * * *
Fire: a) +0 shortbow
Press: ? - help, Q - select action Shift-Dir - straight line, f/p - Ijyb
Aim: Ijyb, wielding a +0 club, wearing a +0 scale mail and carrying a wand of flame (9) (moderately wounded, 57% to hit)
You shoot an arrow. The arrow closely misses Ijyb.
Ijyb zaps a wand.
The puff of flame hits you!
You die...

#.....## #.# *,* *,,,*
###...†####.#####.# *,,,*
#.##...##.§.....* *****
*#.####.##.§§##***
##†.####.....§§## *#####
...#........##§§###*....#
.#...#########§§§§##.?..#
...#** ##☼§☼§#....# ####
##@§§g☼§§☼# # ##§##.☼§☼#
#....†.§# ###.....#
*#....#** *......*******
*####..>,,,,,, *#.>,,,,,,
**,,,,,,,


You could see Ijyb.

Vanquished Creatures
  7 adders
  A worm (D:2)
  6 endoplasms
  2 giant cockroaches
  5 goblins
  7 jackals
  4 kobolds
  3 quokkas
  3 ball pythons
  2 bats (D:1)
  2 frilled lizards (D:2)
  5 rats
47 creatures vanquished.

Vanquished Creatures (others)
  A plant (D:2)
1 creature vanquished.

Grand Total: 48 creatures vanquished

Notes
Turn   | Place    | Note
-------+----------+-------------------------------------------
     0 | D:1      | xian the Gargoyle Hunter began the quest for the Orb.
     0 | D:1      | Reached XP level 1. HP: 12/12 MP: 1/1
    68 | D:1      | Found a faded altar of an unknown god.
    87 | D:1      | Found Luzxuuph's Weapon Emporium.
   104 | D:1      | Found Cuba Etimn's Antique Weapon Boutique.
   180 | D:1      | Found Qionosix's Weapon Shop.
   232 | D:1      | Found Zeuroth's Antique Armour Boutique.
   313 | D:1      | Reached XP level 2. HP: 17/17 MP: 2/2
   317 | D:1      | Found Wiej's Armour Boutique.
  1266 | D:2      | Reached XP level 3. HP: 22/22 MP: 3/3
  1374 | D:2      | Reached skill level 5 in Ranged Weapons
  1376 | D:2      | Reached skill level 1 in Armour
  1532 | D:2      | Reached XP level 4. HP: 21/27 MP: 4/4
  2243 | D:3      | Noticed Ijyb
  2265 | D:3      | Killed from afar by Ijyb

Illustrated notes

Levels and vault maps discovered:
D:1:      scummos_arrival_star, layout_basic,
          hellmonk_ecumenical_altar_pennies_from_heaven, serial_shops, shop,
          shop, shop, shop, shop
D:2:      layout_rooms, serial_bayou, serial_bayou_pond_e, serial_bayou_pond_b,
          serial_bayou_pond_d, serial_bayou_crossing
D:3:      layout_rooms, uniq_ijyb

Skill      XL: |  1  2  3 |
---------------+----------+-----
Ranged Weapons | 5 |  5.3
Armour         | 1 |  1.2
Fighting       | |  2.9
Dodging        | |  1.9
Stealth        | |  1.7

Action                   |  1- 3 |  4- 6 || total
-------------------------+-------+-------++-------
Melee: Dagger            |    14 |       ||    14
 Fire: Shortbow          |    96 |    89 ||   185
  Use: Scroll            |     2 |     2 ||     4
       Potion            |       |     2 ||     2
Armor: Leather armour    |    27 |    33 ||    60
Dodge: Dodged            |    57 |    55 ||   112
